 Dungeon Crawl Stone Soup version 0.31-a0-521-gc7390f8997 (webtiles) character file.

Game seed: 11386588357154651458

78 kae the Changeling (level 4, 0/17 HPs)
             Began as a Draconian Shapeshifter on Aug 10, 2023.
             Slain by an iguana (8 damage)
             ... on level 3 of the Dungeon.
             The game lasted 00:01:15 (1632 turns).

kae the Changeling (Draconian Shapeshifter)         Turns: 1632, Time: 00:01:16

Health: 0/17       AC:  5    Str: 17    XL:     4   Next: 15%
Magic:  4/4        EV: 12    Int:  9    God:
Gold:   172        SH:  0    Dex: 13    Spells: 3/3 levels left

rFire   . .          .
                       - Unarmed
rCold   . . .        (no shield)
rNeg    . . .        (body armour unavailable)
rPois   .            (helmet restricted)
rElec   .            (no cloak)
rCorr   .            (no gloves)
SInv    .            (no boots)
Will    .....        (no amulet)
Stlth   +            (no ring)
HPRegen 0.22/turn    (no ring)
MPRegen 0.09/turn

%: no passive effects
@: maw-form
A: devouring maw, reduced hp, AC +5, unfitting armour, cold-blooded
a: Begin Untransformation


You were on level 3 of the Dungeon.
You were a creature with a mouth for a stomach.
You visited 1 branch of the dungeon, and saw 3 of its levels.

You collected 172 gold pieces.


Innate Abilities, Weirdness & Mutations

You are a creature with a mouth for a stomach.
Your midsection houses a second, enormous mouth.
Your maximum health is decreased, since you lack skill for your form.
Your plain brown scales are hard. (AC +5)
You cannot fit into any form of body armour.
You are cold-blooded and may be slowed by cold attacks.


   Skills:
 - Level 1.1 Fighting
 - Level 1.7 Dodging
 + Level 3.8 Unarmed Combat
 * Level 4.0 Shapeshifting


You had 3 spell levels left.
You didn't know any spells.
Your spell library contained the following spells:

 Spells                   Type           Power      Damage    Failure   Level
 Sublimation of Blood     Necr           0%         N/A       52%         2
 Wereblood                Tmut           0%         N/A       52%         2
 Summon Forest            Summ/Tloc      0%         N/A       100%        5
 Eringya's Noxious Bog    Tmut/Pois      0%         4d6       100%        6
 Summon Hydra             Summ           0%         N/A       100%        7

Inventory:

Missiles
 d - 20 stones
 e - 4 javelins
 f - 5 poisoned darts
Talismans
 b - a beast talisman
 c - a flux talisman
 i - a maw talisman (active)
   (You found it on level 1 of the Dungeon)
Scrolls
 g - a scroll of teleportation {@r4}
Potions
 a - 2 potions of lignification {!q}
 h - a potion of mutation {unknown}
 j - a potion of invisibility {unknown}

Dungeon Overview and Level Annotations

Branches:
Dungeon (3/15) Zot: 16372

Altars:

########.########
#................
#.#######.#######
..# #.# #.# #.#
#.# #.# #.# #.# #
#l# #.# #.#####W#
#.# #...>...# #.#
####.######.#
#........#
##########


You could see an iguana.


Message History

No target in view!
You feel yourself speed up.
You now have 139 gold pieces (gained 10).
d - 20 stones (gained 5)
You now have 147 gold pieces (gained 8).
Found a stone staircase leading down. 😎 HP[+3]
Your hp is fully restored (17).
No target in view!
No target in view!
Key pressed, stopping explore.
No target in view!
No target in view!
You open the door.
There is an open door here.
You now have 157 gold pieces (gained 10).
You now have 166 gold pieces (gained 9).
h - a murky dark potion You open the door.
There is an open door here.
You now have 172 gold pieces (gained 6).
j - a golden potion
There is an open door here.
You open the door.
There is an open door here.
There is an open door here.
There is an open door here.
A quokka comes into view.
A quokka is nearby!
A quokka is nearby!
A quokka is nearby!
A quokka is nearby!
A quokka is nearby!
A quokka is nearby!
You punch the quokka!
You kill the quokka!
No target in view!
You see here a quokka corpse.
You open the door.
There is an open door here.
You open the door.
There is an open door here.
You open the door.
There is an open door here.
Key pressed, stopping explore.
No target in view!
No target in view!
Key pressed, stopping explore.
No target in view!
No target in view!
A kobold comes into view. It is wielding a +0 short sword.
You punch the kobold!
You devour the kobold!
You feel better.
You kill the kobold!
No target in view!
You see here a +0 short sword.
Done exploring.
No target in view!
No target in view!
Done exploring.
No target in view!
No target in view!
Done exploring.
No target in view!
No target in view!
Done exploring.
No target in view!
No target in view!
Done exploring.
Done exploring.
Okay, then.
You aren't carrying any pieces of jewellery.
Unknown command.
Okay, then.
There is a stone staircase leading down here.
You climb downwards.
Found a stone staircase leading down.
There is a stone staircase leading up here.
Found a stone staircase leading down.
No target in view!
No target in view!
A hobgoblin comes into view.
You punch the hobgoblin!
You kill the hobgoblin!
An iguana comes into view.
An iguana is nearby!
The iguana hisses angrily.
The iguana barely misses you.
You closely miss the iguana.
The iguana bites you but does no damage.
An iguana is nearby!
You hit the iguana but do no damage. You bite the iguana!
You hit the iguana but do no damage. You punch the iguana, but do no damage.
The iguana bites you!
Ouch! That really hurt!
* * * LOW HITPOINT WARNING * * *
😨 HP[-9]
You take 9 damage, and now have 8/17 hp.
MASSIVE DAMAGE!! (PAUSE)
You hit the iguana. Your bite misses the iguana. The iguana bites you!
You die...

Skill      XL: |  1  2  3 |
---------------+----------+-----
Shapeshifting  | 4 |  4.0
Fighting       | |  1.1
Dodging        | |  1.7
Unarmed Combat | |  3.8

Action                     |  1- 3 |  4- 6 || total
---------------------------+-------+-------++-------
  Melee: Unarmed           |   108 |    14 ||   122
         Tailslap          |    13 |     2 ||    15
         Maw               |     1 |     3 ||     4
         Punch             |     1 |     1 ||     2
    Use: Scroll            |     5 |       ||     5
   Stab: Sleeping          |     1 |     1 ||     2
 Armour: Skin              |    27 |     1 ||    28
  Dodge: Dodged            |    63 |     1 ||    64
   Form: Maw               |     1 |       ||     1

Levels and vault maps discovered:
D:1:      dpeg_arrival_signposts, layout_rooms,
          ebering_ecumenical_altar_petrified
D:2:      layout_basic, minivault_27
D:3:      layout_loops_ring, nicolae_dithmenos_shadow_blocks, uniq_grinder,
          uniq_robin

Notes
Turn   | Place    | Note
-------+----------+-------------------------------------------
     0 | D:1      | kae the Draconian Shapeshifter began the quest for the Orb.
     0 | D:1      | Reached XP level 1. HP: 16/16 MP: 1/1
     0 | D:1      | magus.rc [v1.11.3]
   109 | D:1      | Reached XP level 2. HP: 23/23 MP: 2/2
   278 | D:1      | You add the spells Summon Forest, Eringya's Noxious Bog and
                  | Summon Hydra to your library.
   288 | D:1      | Reached XP level 3. HP: 27/28 MP: 3/3
   577 | D:1      | Found a faded altar of an unknown god.
   898 | D:2      | You pick up a book of Blood and begin reading...
   898 | D:2      | You add the spells Sublimation of Blood and Wereblood to
                  | your library.
   960 | D:2      | Reached skill level 4 in Shapeshifting
   964 | D:2      | Reached XP level 4. HP: 17/35 MP: 4/4
  1632 | D:3      | Slain by an iguana

Vanquished Creatures
  An adder (D:2)
  2 dart slugs
  2 bats
  9 endoplasms
  2 giant cockroaches (D:1)
  8 goblins
  6 hobgoblins
  6 jackals
  2 quokkas (D:2)
  2 ball pythons
  4 frilled lizards
  10 kobolds
  4 rats
58 creatures vanquished.

Table legend:
 A = Non-vault XP
 B = Vault XP
 C = Vault XP percentage of total XP
 D = Non-vault monster count
 E = Vault monster count
 F = Vault count percentage of total count
                 A         B        C        D         E       F
            +---------+---------+-------+---------+---------+-------
      Total |     112 |       0 |   0.0 |      58 |       0 |   0.0
            +---------+---------+-------+---------+---------+-------
        D:1 |      58 |       0 |   0.0 |      34 |       0 |   0.0
        D:2 |      52 |       0 |   0.0 |      23 |       0 |   0.0
        D:3 |       2 |       0 |   0.0 |       1 |       0 |   0.0
            +---------+---------+-------+---------+---------+-------

Skill      XL: |  1  2  3 |
---------------+----------+-----
Shapeshifting  | 4 |  4.0
Fighting       | |  1.1
Dodging        | |  1.7
Unarmed Combat | |  3.8

Action                     |  1- 3 |  4- 6 || total
---------------------------+-------+-------++-------
  Melee: Unarmed           |   108 |    14 ||   122
         Tailslap          |    13 |     2 ||    15
         Maw               |     1 |     3 ||     4
         Punch             |     1 |     1 ||     2
    Use: Scroll            |     5 |       ||     5
   Stab: Sleeping          |     1 |     1 ||     2
 Armour: Skin              |    27 |     1 ||    28
  Dodge: Dodged            |    63 |     1 ||    64
   Form: Maw               |     1 |       ||     1

Illustrated notes

Table legend:
 A = Kills in this place as a percentage of kills in the entire game.
 B = Kills by you in this place as a percentage of kills by you in the entire game.
 C = Kills by friends in this place as a percentage of kills by friends in the entire game.
 D = Other kills in this place as a percentage of other kills in the entire game.
 E = Experience gained in this place as a percentage of experience gained in the entire game.
 F = Experience gained in this place divided by the number of levels of this place that you have seen.
                   A       B       C       D       E      F
               +-------+-------+-------+-------+-------+----------------------
         Total | 100.0 | 100.0 |   N/A |   N/A | 100.0 |  37.3
       Dungeon | 100.0 | 100.0 |   N/A |   N/A | 100.0 |  37.3
               +-------+-------+-------+-------+-------+----------------------

Table legend: (Time is in decaauts)
 A = Elapsed time spent in this place.
 B = Non-inter-level travel time spent in this place.
 C = Inter-level travel time spent in this place.
 D = Time resting spent in this place.
 E = Time spent auto-exploring this place.
 F = Levels seen in this place.
 G = Mean time per level.
                   A        B        C        D        E       F      G
               +--------+--------+--------+--------+--------+-----+--------+
         Total |   1626 |   1618 |      8 |     30 |   1272 |   3 |  542.0 |
       Dungeon |   1626 |   1618 |      8 |     30 |   1272 |   3 |  542.0 |
               +--------+--------+--------+--------+--------+-----+--------+

Top non-repeatable levels by time:
     D:2: 902 daAuts
     D:1: 692 daAuts
     D:3: 31 daAuts
